cohdb
Replays
Latest Replays
All Replays
Popular Replays
Top Player Replays
Match Explorer
How It Works
Community
CoH3 Stats
Reddit
Sign in to upload your games and track your stats! →
Sign in with Steam
Match 45763784
Unlisted
Match 45763784
Overview
Messages
Build Orders
End
Engineer Squad
Construct Barracks
Riflemen Squad
Selects Heavy Weapons
Riflemen Squad
Construct Weapon Support Center
M1919 Machine Gun Team
Selects M2HB .50cal Heavy Machine Gun
M1919 Machine Gun Team
Mechanized Support Center
M3 Armored Personnel Carrier
M3 Armored Personnel Carrier
Selects Assault Carriers
M3 Assault Carrier
Designate Forward Repair Station
M1919 Machine Gun Team
Riflemen Squad
M1918 Browning Automatic Rifles
Construct Tank Depot
Riflemen Squad
M4A1 Sherman Medium Tank
Musketeer
tater
[DGG]Ordo/Illicitfoot6
JVM
dicktation
Starlight
Emmortael
fervela99
0
0
Comments
sign in to comment!
No comments posted yet!